 Seeded DCSS version 0.29-a0-2-g12fcac58f8 (webtiles) character file.

Game seed: 15119119273162910077 (custom seed)

1 DarkBird the Magician (level 1, 10/13 HPs)
             Began as a Demonspawn Hedge Wizard on Jan 26, 2022.
             Quit the game on level 1 of the Dungeon.
             The game lasted 00:00:49 (73 turns).

DarkBird the Magician (Demonspawn Hedge Wizard)       Turns: 73, Time: 00:00:49

Health: 10/13      AC:  2    Str: 10    XL:     1   Next: 16%
Magic:  0/4        EV: 12    Int: 15    God:
Gold:   0          SH:  0    Dex: 12    Spells: 5/6 levels left

rFire   . . .      SeeInvis .   a - +0 dagger
rCold   . . .      Faith    .   (no shield)
rNeg    . . .      Spirit   .   b - +0 robe
rPois   .          Reflect  .   c - +0 hat
rElec   .          Harm     .   (no cloak)
rCorr   .          Rampage  .   (no gloves)
Will    .....                   (no boots)
Stlth   ++........              (no amulet)
HPRegen 0.04/turn               (no ring)
MPRegen 0.09/turn               (no ring)

@: very slightly contaminated
A: no striking features
a: no special abilities


You were on level 1 of the Dungeon.
You visited 1 branch of the dungeon, and saw 1 of its levels.

Inventory:

Hand Weapons
 a - a +0 dagger (weapon)
Missiles
 d - 75 stones
Armour
 b - a +0 robe (worn)
 c - a +0 hat (worn)


   Skills:
 + Level 1.7 Dodging
 + Level 1.7 Stealth
 + Level 3.0 Spellcasting
 + Level 1.0 Conjurations
 + Level 1.0 Summonings
 + Level 0.8 Translocations


You had 5 spell levels left.
You knew the following spells:

 Your Spells              Type           Power      Damage    Failure   Level
a - Magic Dart            Conj           20%        1d4       13%         1

Your spell library contained the following spells:

 Spells                   Type           Power      Damage    Failure   Level
 Slow                     Hex            8%         N/A       21%         1
 Call Imp                 Summ           5%         N/A       21%         2
 Blink                    Tloc           8%         N/A       22%         2
 Conjure Flame            Conj/Fire      3%         6-21      43%         3
 Mephitic Cloud           Conj/Pois/Air  3%         N/A       45%         3


Dungeon Overview and Level Annotations

Branches:
Dungeon (1/15)

Altars:


Message History

The hobgoblin is heavily wounded.
The hobgoblin barely misses you.
Hit: a) +0 dagger
Press: ? - help, Dir - move target, f/p - hobgoblin
Aim: a hobgoblin (heavily wounded, about 38% to evade your +0 dagger)
You hit the hobgoblin but do no damage.
The hobgoblin is heavily wounded.
The hobgoblin closely misses you.
Unknown command.
Hit: a) +0 dagger
Press: ? - help, Dir - move target, f/p - hobgoblin
Aim: a hobgoblin (heavily wounded, about 38% to evade your +0 dagger)
You hit the hobgoblin.
The hobgoblin is almost dead.
The hobgoblin hits you.
Hit: a) +0 dagger
Press: ? - help, Dir - move target, f/p - hobgoblin
Aim: a hobgoblin (almost dead, about 38% to evade your +0 dagger)
Okay, then.
Hit: a) +0 dagger
Press: ? - help, Dir - move target, f/p - hobgoblin
Aim: a hobgoblin (almost dead, about 38% to evade your +0 dagger)
You hit the hobgoblin but do no damage.
The hobgoblin is almost dead.
The hobgoblin barely misses you.
Unknown command.
Unknown command.
Unknown command.
Unknown command.
Hit: a) +0 dagger
Press: ? - help, Dir - move target, f/p - hobgoblin
Aim: a hobgoblin (almost dead, about 38% to evade your +0 dagger)
You barely miss the hobgoblin.
The hobgoblin is almost dead.
The hobgoblin barely misses you.
Unknown command.
Welcome back, DarkBird the Demonspawn Hedge Wizard.
Game seed: 15119119273162910077 (custom seed) Press ? for a list of commands and other information.
Are you sure you want to abandon this character and quit the game? (Confirm with "yes".)

####### ###.....###
.#..#####.........##
.......@.....8...).+
.#..##g##.........##
.). ###.....### ###.
###'### #. ##.....##
#. #...<...# ..
##.....## ## #######


You could see a hobgoblin.

Vanquished Creatures
  A goblin (D:1)
1 creature vanquished.

Notes
Turn   | Place    | Note
-------+----------+-------------------------------------------
     0 | D:1      | DarkBird the Demonspawn Hedge Wizard began the quest for
                  | the Orb.
     0 | D:1      | Reached XP level 1. HP: 13/13 MP: 4/4
    73 | D:1      | Quit the game

Illustrated notes

Levels and vault maps discovered:
D:1:      minmay_arrival_shattered_statue, layout_loops_cross,
          ebering_ecumenical_altar_webs, minmay_misc_feat_nine_boxes

Action                   || total
-------------------------++-------
Melee: Dagger            ||     4
 Cast: Magic Dart        ||     3
Dodge: Dodged            ||     4

Table legend: (Time is in decaauts)
 A = Elapsed time spent in this place.
 B = Non-inter-level travel time spent in this place.
 C = Inter-level travel time spent in this place.
 D = Time resting spent in this place.
 E = Time spent auto-exploring this place.
 F = Levels seen in this place.
 G = Mean time per level.
                   A        B        C        D        E       F      G
               +--------+--------+--------+--------+--------+-----+--------+
         Total |     73 |     73 |      0 |      0 |     43 |   1 |   73.0 |
       Dungeon |     73 |     73 |      0 |      0 |     43 |   1 |   73.0 |
               +--------+--------+--------+--------+--------+-----+--------+

Top non-repeatable levels by time:
     D:1: 73 daAuts
